cohdb
Replays
Latest Replays
All Replays
Popular Replays
Top Player Replays
Match Explorer
How It Works
Community
CoH3 Stats
Reddit
Sign in to upload your games and track your stats! →
Sign in with Steam
Match 41685507
Unlisted
Match 41685507
Overview
Messages
Build Orders
End
Construct Section Command Post
Selects Air and Sea Battlegroup
Royal Engineer Section
Infantry Section
Vickers Machine Gun Team
ML 3-inch Mortar Team
Construct Platoon Command Post
Infantry Section
Humber Armored Car
Grenade Package
Selects Commando Section Paradrop
Commando Section Paradrop
Construct Field Infirmary
6-pounder Anti-tank Gun Team
Selects Naval Blockade
Selects UNKNOWN (223837)
ML 3-inch Mortar Team
matjouz
Sarmynation
Nerzo
Natamis
0
0
Comments
sign in to comment!
No comments posted yet!